 Dungeon Crawl Stone Soup version 0.30.1-1-g62c8e00024 (webtiles) character file.

Game seed: 16477222951538961490

35 monsoonserge the Insei (level 3, -1/39 HPs)
             Began as a Demonspawn Transmuter on July 15, 2023.
             Slain by a gnoll
             ... wielding a +0 halberd
              (5 damage)
             ... on level 2 of the Dungeon.
             The game lasted 00:03:05 (861 turns).

monsoonserge the Insei (Demonspawn Transmuter)       Turns: 861, Time: 00:03:06

Health: -1/39      AC: 21    Str: 10    XL:     3   Next: 17%
Magic:  6/6        EV:  2    Int: 16    God:
Gold:   75         SH:  0    Dex: 13    Spells: 5/6 levels left

rFire   . .          .
                       - Unarmed
rCold   . . .        (no shield)
rNeg    . . .        h - melded +0 leather armour
rPois   +            (helmet currently unavailable)
rElec   .            (cloak currently unavailable)
rCorr   .            (gloves currently unavailable)
SInv    +            (boots currently unavailable)
Will    .....        (no amulet)
Stlth   +            e - ring of see invisible
HPRegen 0.26/turn    i - ring of flight
MPRegen 0.20/turn

%: no passive effects
@: tree-form (expiring)
A: stationary, stasis, torment immunity, boosted hp, (horns 1), magic
regeneration
a: no special abilities


You were on level 2 of the Dungeon.
You were a tree.
You visited 1 branch of the dungeon, and saw 2 of its levels.

You collected 75 gold pieces.

Inventory:

Armour
 a - a +0 robe
 f - a +0 helmet
 h - a +0 leather armour (melded)
 j - a +0 chain mail
Jewellery
 e - a ring of see invisible (left branch)
 i - a ring of flight (right branch)
Scrolls
 c - a scroll of poison {unknown}
 d - 3 scrolls of identify {unknown}
 g - a scroll of brand weapon {unknown}
 m - a scroll of magic mapping {unknown}
 n - a scroll of blinking {unknown}
Potions
 k - a potion of curing {unknown}
 l - a potion of might {unknown}


   Skills:
 + Level 1.0 Fighting
 * Level 1.1 Armour
 - Level 2.0 Dodging
 * Level 3.5 Unarmed Combat
 - Level 2.0 Spellcasting
 + Level 1.8 Transmutations


You had 5 spell levels left.
You knew the following spells:

 Your Spells              Type           Power      Damage    Failure   Level
a - Beastly Appendage     Tmut           14%        N/A       10%         1

Your spell library contained the following spells:

 Spells                   Type           Power      Damage    Failure   Level
 Wereblood                Tmut           7%         N/A       14%         2
 Spider Form              Tmut/Pois      4%         N/A       38%         3
 Ice Form                 Ice/Tmut       4%         N/A       80%         4


Dungeon Overview and Level Annotations

Branches:
Dungeon (2/15)

Altars:


Innate Abilities, Weirdness & Mutations

You are a tree.
Your roots penetrate the ground, keeping you stationary.
You cannot be teleported.
You are immune to unholy pain and torment.
Your maximum health is greatly increased.
Your equipment is partially melded.
((You have a pair of small horns on your head.))
You regenerate magic rapidly.


Message History

Okay, then.
You cannot move.
Casting: Beastly Appendage (safe; 10% risk of failure)
Confirm with . or Enter, or press ? or * to list all spells.
You are stuck in your current form!
Casting: Beastly Appendage (safe; 10% risk of failure)
Confirm with . or Enter, or press ? or * to list all spells.
You are stuck in your current form!
The gnoll hits you but does no damage. The gnoll hits you but does no damage.
The gnoll hits you but does no damage. The gnoll hits you but does no damage.
The gnoll hits you but does no damage. The gnoll completely misses you.
The gnoll hits you but does no damage. The gnoll hits you but does no damage.
The gnoll hits you from afar with a +0 halberd.
The gnoll hits you from afar with a +0 halberd.
The gnoll hits you but does no damage.
The gnoll hits you from afar with a +0 halberd!
* * * LOW HITPOINT WARNING * * *
The gnoll hits you but does no damage.
The gnoll hits you from afar with a +0 halberd.
* * * LOW HITPOINT WARNING * * *
The gnoll hits you but does no damage. The gnoll hits you but does no damage.
The gnoll hits you but does no damage. The gnoll hits you but does no damage.
The gnoll hits you from afar with a +0 halberd.
* * * LOW HITPOINT WARNING * * *
The gnoll hits you but does no damage.
The gnoll hits you from afar with a +0 halberd.
* * * LOW HITPOINT WARNING * * *
The gnoll hits you but does no damage. The gnoll hits you but does no damage.
The gnoll hits you from afar with a +0 halberd.
* * * LOW HITPOINT WARNING * * *
Your transformation is almost over.
The gnoll hits you from afar with a +0 halberd.
You die...

#
......##########.#
# ..#.### #....# #
# #.#### # ####
#.# .......?....
#.# #....#.#.#.#
##'#####
##.>.........
#......#
#..#.#.#.#.#g#
#......# ....
....?....##♣.....#
. ...
.#.#.#.gg.).....+
......
......w##......#
#.#.#.. #......#
....... ##+#+###
...#### ##


You could see a worm and 2 gnolls.

Vanquished Creatures
  A gnoll (D:2)
  2 dart slugs (D:1)
  3 ball pythons (D:1)
  4 bats
  An endoplasm (D:1)
  A giant cockroach (D:2)
  2 hobgoblins (D:1)
  3 jackals (D:2)
  A quokka (D:2)
  2 rats (D:1)
20 creatures vanquished.

Notes
Turn   | Place    | Note
-------+----------+-------------------------------------------
     0 | D:1      | monsoonserge the Demonspawn Transmuter began the quest for
                  | the Orb.
     0 | D:1      | Reached XP level 1. HP: 15/15 MP: 3/3
   144 | D:1      | Reached skill level 3 in Unarmed Combat
   170 | D:1      | Gained mutation: You have a pair of small horns on your
                  | head. [demonic ancestry]
   170 | D:1      | Reached XP level 2. HP: 20/21 MP: 5/5
   837 | D:2      | Reached skill level 1 in Armour
   837 | D:2      | Gained mutation: You regenerate magic rapidly. [demonic
                  | ancestry]
   837 | D:2      | Reached XP level 3. HP: 15/26 MP: 6/6
   861 | D:2      | Slain by a gnoll

Illustrated notes

Levels and vault maps discovered:
D:1:      onia_arrival_mini_maze_b, layout_rooms
D:2:      layout_basic, serial_glass, glass_columns_a, glass_columns_c,
          glass_columns_a, glass_columns_b, glass_columns_c,
          minmay_strange_pillars, feat_on_display, feat_on_display,
          minmay_strange_pillars

Skill      XL: |  1  2 |
---------------+-------+-----
Unarmed Combat | 3 |  3.5
Dodging        | 2 |  2.0
Armour         | 1 |  1.1
Fighting       | |  1.0
Spellcasting   | |  2.0
Transmutations | |  1.8

Action                     || total
---------------------------++-------
  Melee: Unarmed           ||    74
         Headbutt          ||    13
         Punch             ||     1
    Use: Potion            ||     1
 Armour: Robe              ||     6
         Leather armour    ||    14
         Skin              ||    16
  Dodge: Dodged            ||    59
